woodfighter, neutral female human Healer -------- |....f.| .%.@..`| -------- |.B....| #.......| -.---.-- ###|..<...| #### # |...._.| # ### ----.--- # # # # ### # # # # # ### # # # + # # # # ## # ---|---# |*....|# |.(..>.# ------- woodfighter the Rhizotomist Experience level: 1 Strength: 10 Dexterity: 9 Constitution: 13 Intelligence: 10 Wisdom: 19 Charisma: 16 Health: 0(13) Energy: 6(6) Def: 2 Gold: 1747 Moves: 858 Dungeon seed: 8VDa_Mgy2ERBAxkD Game ID: woodfighter_1505301486 Your Inventory: Coins $ - 1747 gold pieces Weapons a - a +0 scalpel (weapon in hand) Armor e - an uncursed +1 pair of leather gloves (being worn) Comestibles k - 6 blessed eucalyptus leaves l - a blessed sprig of wolfsbane m - 4 blessed cloves of garlic o - 6 uncursed apples s - 2 uncursed food rations v - an uncursed magic beans w - an uncursed tin of gecko meat z - an uncursed eucalyptus leaf Scrolls t - an uncursed scroll of confuse monster x - an uncursed scroll of identify Spellbooks h - a blessed spellbook of healing i - a blessed spellbook of extra healing j - a blessed spellbook of stone to flesh Potions c - 4 uncursed potions of healing d - 2 uncursed potions of extra healing f - 2 blessed potions of extra healing p - an uncursed potion of hallucination r - a blessed potion of speed u - an uncursed potion of restore ability Wands g - a wand of sleep (0:4) Tools b - an uncursed stethoscope Spells and supernatural/magical abilities: Name Level Category Fail Memory h - healing 1 healing 0% 96% x - extra healing 3 healing 98% 96% S - stone to flesh 3 healing 100% 96% W - pray for help -- divine ? -- Your skills at the end: Miscellaneous Skills wands [Basic] Weapon Skills knife [Basic] Spellcasting Skills healing spells [Basic] Final Attributes: You were devoutly aligned. You were poison resistant. You were stealthy. You are dead. Vanquished creatures: 4 jackals 2 newts a goblin a sewer rat 7 grid bugs a kobold zombie 16 creatures vanquished. Voluntary challenges: You did not adorn yourself with jewelry or accessories. You did not cause conflict. You were not invisible. You did not have reflection. You were not displaced. You used a wielded weapon 27 times, starting on turn 111. You did not apply a unicorn horn. You did not use plumbed fixtures. You did not drink any magical draughts. You were illiterate. You never genocided any monsters. You never polymorphed an object. You never changed form. You used no wishes. You never split a pudding. You never wrote Elbereth's name. You never violated your personal moral code. Dungeon overview: The Dungeons of Doom: levels 1 to 4 Level 1 (box) a fountain a long staircase Level 2 Level 3 <- You were here an altar to Hermes Level 4 History has recorded: On T:1 you entered the Dungeons of Doom to retrieve the Amulet of Yendor! On T:99 you reached level 2 of The Dungeons of Doom. On T:684 you reached level 3 of The Dungeons of Doom. On T:824 you reached level 4 of The Dungeons of Doom. Score breakdown: Gold: 249 ( 24 points) Experience: 1 level ( 0 points) Exploration: 4 levels ( 90 points) Discoveries: 5 items ( 250 points) Variety of kills: 6 monsters ( 300 points) Major goal: (nothing yet) ( 0 points) Survival: died (score multiplied by 3) Total score: 1992 Latest messages: w - a tin. You see here a chest. Hmmm, it seems to be locked. You see here 11 rocks. THUD! (2x) You break open the lock! You see here a chest. You carefully open the chest... x - a scroll labeled RATSANOPU. The door resists! (2x) The door opens. You see here a eucalyptus leaf. z - a eucalyptus leaf. You hack the bat. The bat is moderately wounded. The bat bites! You slash the bat. The bat is moderately wounded. The bat bites! The bat just misses! You slash the bat. The bat is horribly wounded. The bat bites! (2x) You die... Final status: Goodbye woodfighter the Healer, killed by a bat... You died in The Dungeons of Doom on dungeon level 3 with 1992 points, and 1747 pieces of gold, after 858 moves. You were level 1 with a maximum of 13 hit points when you died.